[Event "XLIX Sevilla Open 2024"]
[Site "?"]
[Date "2024.01.12"]
[Round "1.1"]
[White "Stremavicius, Titas"]
[Black "Skielnik, Joseph J"]
[Result "1-0"]
[ECO "E65"]
[WhiteElo "2543"]
[BlackElo "1750"]
[Annotator "TA"]
[PlyCount "131"]
[EventDate "2024.01.12"]
[EventType "swiss"]
[SourceTitle "playchess.com"]
[Source "ChessBase"]
[SourceQuality "1"]
[TimeControl "5400+30"]

1. Nf3 Nf6 2. g3 g6 3. Bg2 Bg7 4. O-O O-O 5. d4 d6 6. c4 Nbd7 7. Nc3 c5 8. b3 Rb8 9. Bb2 a6 10. a4 cxd4 {[%emt 0:04:13] E65: King's Indian: Fianchetto: 6...c5 7 0-0 without d5 by White.} 11. Nxd4 Nc5 12. e4 {[%emt 0:05:21] [#]} e5 $146 {[%emt 0:12:54] The position is equal.} (12... Bg4 $5 13. Qc2 (13. f3 Bd7 $11) 13... Nfd7 $11) ({Predecessor:} 12... Ng4 13. Nde2 f5 14. Qc2 e5 15. Nd5 Be6 16. Nec3 f4 17. f3 Nh6 18. Rfd1 fxg3 19. hxg3 {0-1 Pascua,H (2413)-Li,S (2558) Asian Continental op 12th 2013 (4)}) 13. Nde2 Qb6 14. Ra3 Rd8 15. h3 Be6 16. Qc2 Rbc8 (16... Rdc8 $11 {might be stronger.}) 17. Kh2 Ncd7 18. f4 Nf8 (18... exf4 $142 19. gxf4 Bg4) 19. f5 $16 Bd7 20. Bc1 ({White should try} 20. g4 {Hoping for g5.} gxf5 21. a5) 20... Bc6 (20... Qc5 $142) 21. Bg5 {[%emt 0:02:29] fxg6 would be deadly.} N8d7 22. Raa1 h6 23. Bxf6 Nxf6 24. fxg6 fxg6 25. Nd5 Bxd5 26. exd5 Kh7 27. Nc3 Rf8 28. Be4 Nxe4 29. Nxe4 Rxf1 30. Rxf1 Rf8 {[%emt 0:01:08] Wards off Rf7} 31. Rxf8 Bxf8 32. Qf2 Qxf2+ 33. Nxf2 {[%emt 0:00:04][%mdl 4096] Endgame KB-KN} Kg7 34. Kg2 Kf7 (34... b6 $16 {was worth a try.}) 35. a5 $1 $18 Ke7 36. Kf3 (36. b4 $142) 36... h5 (36... Kd7 $142) 37. Ke4 $16 {[%emt 0:01:20] Threatens to win with Nd3.} Bh6 38. Kd3 $1 {[%emt 0:00:07] Dodges Bd2} Kd7 39. Ne4 Bc1 (39... Bf8 $16) 40. b4 $18 Bb2 $2 (40... Kc7 $16 41. c5 dxc5) 41. c5 dxc5 42. bxc5 Bd4 43. Kc4 Be3 44. Nf6+ $2 (44. Nd6 $18) 44... Ke7 $16 {[%emt 0:00:30] [#]} 45. c6 $1 bxc6 {[%emt 0:02:04] [#]} (45... Kxf6 $2 46. c7 $18 (46. cxb7 $2 Ba7 $19)) 46. dxc6 $1 Kd8 {[%emt 0:00:24] [#]} (46... Kxf6 47. c7 h4 48. gxh4 $18 (48. c8=R $2 hxg3 49. Rf8+ Kg5 $19)) 47. Ne4 $1 {[%emt 0:00:45] Prevents Bd2} Kc7 48. Kd5 Bd4 49. Ng5 {[%emt 0:00:36] Threatening mate with Ne6+.} Bc3 50. Ne6+ Kc8 {[%emt 0:00:20] [#]} 51. Nc5 $1 Bxa5 52. Nxa6 ({Much weaker is} 52. Kxe5 Bc7+ 53. Kd5 Bxg3 $11) 52... Be1 53. g4 (53. Kxe5 $16 Bxg3+ 54. Kf6) 53... hxg4 $11 54. hxg4 (54. Kxe5 {gets mated.} gxh3 55. Nc5 h2 56. Ne4 h1=Q 57. Nd6+ Kc7 58. Nb5+ Kxc6 59. Nd4+ Kd7 60. Ne6 Bc3+ 61. Kf4 Kxe6 62. Ke3 Kd5 63. Kf2 Ke4 64. Kg3 Be1+ 65. Kg4 Qh5#) 54... Bg3 $1 55. Nc5 Kc7 $1 56. Ne6+ Kc8 57. Nf8 g5 (57... Kc7 $1 $11) 58. Ne6 $16 Bf4 59. Ke4 {[%emt 0:00:03] White is more active.} Kb8 60. Kf5 Kc8 $2 {[%emt 0:00:57][%mdl 8192] This move loses the game for Black.} (60... Be3 $16 61. Kxe5 (61. Nxg5 Kc7 $11) 61... Bd2) 61. Nxg5 {[%emt 0:00:16] White mates.} Kc7 62. Ne6+ Kxc6 63. Nxf4 exf4 64. Kxf4 Kd7 65. Kg5 Ke7 66. Kg6 {[%emt 0:00:12] Weighted Error Value: White=0.14 (very precise) /Black=0.28 (precise)} 1-0

[Event "XLIX Sevilla Open 2024"]
[Site "?"]
[Date "2024.01.12"]
[Round "1.2"]
[White "Siliceo Capilla, Alfonso"]
[Black "Petkov, Momchil"]
[Result "0-1"]
[ECO "B15"]
[WhiteElo "1748"]
[BlackElo "2498"]
[Annotator "TA"]
[PlyCount "33"]
[EventDate "2024.01.12"]
[EventType "swiss"]
[SourceTitle "playchess.com"]
[Source "ChessBase"]
[SourceQuality "1"]
[TimeControl "5400+30"]

1. e4 c6 2. d4 d5 3. Nc3 dxe4 4. Nxe4 Nf6 5. Nxf6+ exf6 6. c3 Bd6 7. Bd3 O-O 8. Qc2 g6 9. Bh6 {[%emt 0:00:26] B15: Caro-Kann: 3 Nc3: 3...g6 and 3...dxe4 4 Nxe4 Nf6 5 Nxf6+ exf6.} Re8+ 10. Ne2 c5 ({Better is} 10... f5 $11) 11. d5 {[%emt 0:06:53] [#]} (11. O-O-O $14) 11... Nd7 $146 {[%emt 0:04:16][%cal Bb8d7,Bd7e5,Be5g4][%mdl 32] Black is more active.} ({Predecessor:} 11... Bf8 12. Bxf8 Kxf8 13. c4 Nd7 14. O-O Ne5 15. Be4 f5 16. Bd3 b6 17. Nc3 Bb7 {½-½ Svoboda,M (1250)-Dobes,V (1100) CZE-ch U10 Zlate Hory 2006 (3)}) 12. O-O-O {[%emt 0:01:14] [#]} ({White should play} 12. O-O) 12... Ne5 $1 13. Ng3 {[%emt 0:30:38] [#]} Ng4 $1 14. Qd2 (14. Be3 $17) 14... g5 $19 {[%emt 0:08:06] Strongly threatening ...Bf4.} 15. h4 $2 (15. Qc2 Nxh6 16. Bxh7+ Kg7 17. Bd3) 15... Bf4 {[%emt 0:02:05][%mdl 64] Discovered Attack} ({Stronger than} 15... Nxh6 16. hxg5 fxg5 17. Kb1 (17. Rxh6 $2 {is the wrong capture.} Bf4 $19 {[%mdl 64] Discovered Attack}) 17... Bxg3 18. Rxh6 $19) 16. Qxf4 gxf4 17. Bxf4 {[%emt 0:00:09] Weighted Error Value: White=1.65/Black=0.13 (very precise)} 0-1

[Event "XLIX Sevilla Open 2024"]
[Site "?"]
[Date "2024.01.12"]
[Round "1.3"]
[White "Szpar, Milosz"]
[Black "Gutierrez Marconi, Christian Fernando"]
[Result "1-0"]
[ECO "D94"]
[WhiteElo "2491"]
[BlackElo "1748"]
[Annotator "TA"]
[PlyCount "57"]
[EventDate "2024.01.12"]
[EventType "swiss"]
[SourceTitle "playchess.com"]
[Source "ChessBase"]
[SourceQuality "1"]
[TimeControl "5400+30"]

1. Nf3 d5 2. e3 Nf6 3. c4 c6 4. Nc3 g6 5. d4 Bg7 6. Be2 O-O 7. h3 b6 {[%emt 0:07:04] D94: Grünfeld: 4 Nf3 Bg7 5 e3.} 8. O-O dxc4 9. Bxc4 Ba6 {[%emt 0:00:11] White is slightly better.} 10. Bxa6 Nxa6 11. e4 {[%emt 0:00:19] [#]} Nd7 $146 ({Predecessor:} 11... c5 12. d5 Nc7 13. a4 Nd7 14. Bf4 e5 15. Bh2 Na6 16. Qe2 Nb4 17. Rfd1 Re8 {1-0 Mikavica,M (2270)-Staechelin,R Zuerich op-A 19th 1995 (2)}) 12. Qe2 Nc7 13. Rd1 Qc8 14. Bg5 Bf6 (14... Re8 $14) 15. Bf4 {[%emt 0:03:27] White is more active.} Ne6 16. Bg3 Re8 (16... Qb7 $142) 17. Rac1 $16 Ng5 (17... Qb7 $16) 18. Nh2 (18. e5 $18 {has better winning chances.} Nxf3+ 19. Qxf3) 18... Ne6 19. Nf3 (19. d5 $16 Nd4 20. Qd2) 19... Ng5 $18 20. e5 Nxf3+ 21. Qxf3 (21. gxf3 Bg7 $16) 21... Bg5 {[%emt 0:00:56] [#]} 22. Rc2 Bh6 23. Ne4 (23. Nd5 $142) 23... Qb7 (23... c5 $142 24. dxc5 bxc5 25. Nxc5 Nf8) 24. Rxc6 Rac8 $2 (24... Qxc6 25. Nf6+ {[%mdl 64] Discovered Attack} Qxf6 26. exf6 Nxf6) 25. d5 ({Much less strong is} 25. Ng5 f6 $18) (25. Rxg6+ $142 hxg6 26. Nf6+ {[%mdl 64] Discovered Attack} Nxf6 27. Qxb7) 25... Bg7 (25... Rf8 {was necessary.} 26. Qc3 Nb8) 26. e6 fxe6 27. Rxe6 {[%emt 0:02:52] [#] Strongly threatening d6.} ({Don't take} 27. Rxc8 $6 Qxc8 28. d6 (28. dxe6 Nf6 $16) 28... a5 $18) 27... Rf8 $2 (27... Nf8) 28. Qb3 {[%emt 0:00:34] aiming for d6.} Rf7 29. d6 {[%emt 0:00:30] Weighted Error Value: White=0.51/Black=0.40} 1-0

[Event "XLIX Sevilla Open 2024"]
[Site "?"]
[Date "2024.01.12"]
[Round "1.4"]
[White "Lavela Perez, Nicolas"]
[Black "Basso, Pier Luigi"]
[Result "0-1"]
[ECO "A12"]
[WhiteElo "1747"]
[BlackElo "2482"]
[Annotator "TA"]
[PlyCount "72"]
[EventDate "2024.01.12"]
[EventType "swiss"]
[SourceTitle "playchess.com"]
[Source "ChessBase"]
[SourceQuality "1"]
[TimeControl "5400+30"]

1. c4 c6 2. Nf3 d5 3. b3 Nf6 4. Bb2 Bf5 5. g3 e6 6. Bg2 h6 7. O-O Be7 $1 {[%emt 0:00:06] 7...Be7 scores better than 7...Nbd7.} 8. d3 O-O 9. Na3 {[%emt 0:01:35] A12: English Opening: 1...c6 with b3 by White.} a5 10. Nc2 Bh7 {[%emt 0:00:26] [#]} 11. Rc1 $146 {[%emt 0:07:43] The position is equal.} ({Predecessor:} 11. Qc1 Na6 12. Bc3 b5 13. Ne5 Rc8 14. a3 Qb6 15. Qd2 b4 16. axb4 axb4 17. Bd4 {1-0 Onkoud,A (2308)-Pruvot,L (2213) Paris-ch op 90th 2015 (1)}) 11... Na6 12. Bc3 Nb4 13. Ra1 c5 14. Na3 d4 15. Bd2 Nc6 16. Nb5 e5 17. Ne1 Qd7 18. f3 Kh8 19. a4 Rae8 20. Rf2 Bd8 21. Nc2 Ng8 22. Rc1 f5 23. Qf1 Nf6 24. Ne1 (24. Bh3 $15) 24... Kg8 (24... Nh5 $142 25. Nc2 Be7) 25. Rd1 {[%emt 0:03:23] [#]} (25. e4 $142) 25... g5 ({Black should try} 25... e4 $1 {[%cal Re4e3] ...e3 is the strong threat.} 26. dxe4 fxe4) 26. Bh3 $17 Kg7 27. Kh1 Qe7 {[%emt 0:00:31] White must now prevent ...e4.} 28. Bg2 {[%emt 0:04:17] [#] This move loses the game for White.} (28. e4 $17) 28... e4 $1 $19 {[%emt 0:00:12] aiming for ...e3.} 29. fxe4 (29. e3) 29... fxe4 ({Don't blunder} 29... Ng4 $2 30. Rf3 $19) 30. e3 $2 (30. dxe4 Nxe4 {[%mdl 64] Discovered Attack} 31. Rf3) 30... Ng4 {[%emt 0:00:27][%csl LRe3,LRf2][%mdl 64] Discovered Attack. Black is clearly winning.} 31. Rf4 gxf4 32. exf4 e3 {[%emt 0:00:10] Strongly threatening ...e2.} 33. Qe2 Nf2+ 34. Kg1 Nxd1 35. Qg4+ Kh8 36. Bc1 Nf2 {[%emt 0:00:07] Weighted Error Value: White=0.78/Black=0.09 (flawless)} 0-1

[Event "XLIX Sevilla Open 2024"]
[Site "?"]
[Date "2024.01.12"]
[Round "1.5"]
[White "Mitusov, Semen"]
[Black "Salas Campuzano, Sergio"]
[Result "1-0"]
[ECO "C77"]
[WhiteElo "2479"]
[BlackElo "1746"]
[Annotator "TA"]
[PlyCount "71"]
[EventDate "2024.01.12"]
[EventType "swiss"]
[SourceTitle "playchess.com"]
[Source "ChessBase"]
[SourceQuality "1"]
[TimeControl "5400+30"]

1. e4 e5 2. Nf3 Nc6 3. Bb5 a6 4. Ba4 Nf6 5. Nc3 Bb4 6. Nd5 {[%emt 0:02:24] aiming for Bxc6.} Bc5 {[%emt 0:08:35] 6...Nxd5 is the hot move. C77: Ruy Lopez: 3...a6 4 Ba4 Nf6, unusual lines.} (6... Nxe4 $2 7. Bxc6 Bd6 8. Ba4 $18 (8. Nxc7+ Bxc7 9. Bxe4 d5 $14)) 7. d3 h6 8. c3 b5 (8... O-O $11) 9. Bb3 $14 d6 10. h3 {[%emt 0:03:04] [#]} Ba7 $146 ({Predecessor:} 10... O-O 11. Nxf6+ Qxf6 12. Bd5 Bb7 13. g4 Kh7 14. Rg1 Qe7 15. g5 Nd8 16. gxh6 gxh6 17. Bxh6 Bxf2+ 18. Kxf2 Kxh6 {1-0 Rybka,S (2307)-Zheng,H (2068) Skalica op-A 2023 (7)}) 11. a4 Bd7 12. O-O O-O 13. Bd2 Na5 14. Bc2 Nxd5 15. exd5 {[%emt 0:00:34] Threatens to win with axb5.} bxa4 16. Bxa4 Bxa4 17. Qxa4 Nb7 {[%emt 0:00:15][%cal Ba5b7,Bb7c5,Bc5e4][%mdl 32] Black is weak on the light squares} 18. b4 (18. Qxa6 $2 Bxf2+ 19. Rxf2 Rxa6 20. Rxa6 Nc5 $19) 18... a5 19. Qb5 Qb8 20. bxa5 {[%emt 0:04:56] White is much more active.} Nc5 {[%emt 0:00:10] [#]} 21. Qc4 Qb3 22. Be3 Qxc4 23. dxc4 Ne4 24. Rfb1 (24. Nd2 $1 $14 Nxd2 25. Bxd2) 24... Bxe3 $11 25. fxe3 Ra7 {[%emt 0:01:26] Wards off Rb7} (25... Ra6 $5 ) 26. Ra3 Rfa8 27. Rb5 Kf8 28. c5 Nxc5 {[%emt 0:01:51] [#]} ({Black should try} 28... f5 $14) 29. Nxe5 $1 $16 {[%emt 0:00:12][%mdl 576] Deflection} Re8 (29... Ra6 30. Nc6) 30. Nc6 Raa8 31. c4 Re4 32. Kf2 Nd7 {[%emt 0:06:02] Black cannot hold the game after this.} (32... Na6 $16) 33. Rb7 Rxc4 (33... Nc5 {was necessary.}) 34. a6 $18 ({Not} 34. Rxc7 Nf6 $16) 34... Nb6 35. a7 {[%emt 0:23:09] White wants to mate with Rb8+.} ({Inferior is} 35. Rxc7 Nxd5 36. Ra7 Rxa7 37. Nxa7 Nc7 $11) 35... f5 (35... Rc2+ $2 36. Kf3 g5 37. Rb8+ Kg7 38. Rb3) 36. Rb3 {[%emt 0:00:00] Weighted Error Value: White=0.13 (very precise) /Black=0.32} ({Less strong is} 36. Rxc7 Nxd5 37. Rb7 Rxc6 $16) 1-0

[Event "XLIX Sevilla Open 2024"]
[Site "?"]
[Date "2024.01.12"]
[Round "1.6"]
[White "Navarro Coloma, Antonio"]
[Black "Druska, Juraj"]
[Result "0-1"]
[ECO "A48"]
[WhiteElo "1745"]
[BlackElo "2468"]
[Annotator "TA"]
[PlyCount "66"]
[EventDate "2024.01.12"]
[EventType "swiss"]
[SourceTitle "playchess.com"]
[Source "ChessBase"]
[SourceQuality "1"]
[TimeControl "5400+30"]

1. d4 Nf6 2. Nf3 g6 3. Bf4 Bg7 4. e3 O-O 5. Bd3 d6 6. Nbd2 Nc6 7. O-O {[%emt 0:00:31] A48: 1 d4 Nf6 2 Nf3 g6: Torre, London and Colle Systems.} Nh5 8. Bg5 {[%emt 0:00:11] [#]} f6 $146 ({Predecessor:} 8... h6 9. Bh4 g5 10. Nxg5 Nf6 11. Ngf3 Kh8 12. c3 Rg8 13. Qc2 a6 14. Rfe1 Bf8 {1-0 Ivanescu,M (1603)-Wu,L (1320) CAN-ch U10 Windsor 2016 (5.88)}) 9. Bh4 {[%emt 0:00:12] The position is equal.} e5 10. c3 Qe8 11. Qc2 f5 12. dxe5 dxe5 13. e4 h6 14. exf5 gxf5 15. g4 $2 {[%emt 0:03:48] [#]} Qg6 $19 16. Kh1 Qxg4 (16... Nf4 $17 {stays on course. ...Nxd3 would be deadly.} 17. Bc4+ Kh8) 17. Rg1 $18 Qf4 18. Bg3 $2 ({White has to play} 18. Rg6 $18 Kh7 19. Bg3 {[%mdl 64] Trapped Piece} (19. Rag1 e4 $11) 19... Kxg6 20. Bxf4 Nxf4 21. Nh4+ Kh7 22. Bxf5+ (22. Nxf5 Nxd3 23. Nxg7 Kxg7 $18) 22... Bxf5 23. Nxf5) 18... Nxg3+ $17 19. Rxg3 {[%emt 0:00:05] Hoping for Rag1.} Be6 20. Rag1 Rf7 {[%emt 0:00:10] Black is more active.} 21. Bb5 {[%emt 0:05:35] [#]} (21. Ne1 $17) 21... Rd8 $1 $19 (21... Bxa2 $2 22. b3 Kh8 23. Qxa2 $18) 22. Qa4 $2 (22. Nf1 {was worth a try.}) 22... Qxa4 (22... Rxd2 23. Qxf4 exf4 24. Rxg7+ Rxg7 25. Rxg7+ Kxg7 26. Nxd2 $19) 23. Bxa4 e4 (23... Bxa2 24. Bxc6 bxc6 25. b3 $17 (25. Nxe5 $2 Rxd2 26. Nxf7 Bd5+ 27. f3 Kf8 $19)) 24. Bxc6 exf3 ({Worse is} 24... bxc6 25. Ne5 Rxd2 26. Nxf7 $17) 25. Nxf3 bxc6 26. Ne5 Re7 27. Ng6 Ree8 {[%emt 0:04:26] White must now prevent ...Bd5+.} ({Don't blunder} 27... Bd5+ $2 28. f3 Red7 29. Ne5 $19) 28. Nf4 Rd7 29. Nh5 Ree7 30. Nf6+ Kf8 31. Nxd7+ Rxd7 32. h4 $2 (32. f3 {was called for.}) 32... f4 33. Rg6 Bf5 {[%emt 0:00:15] Weighted Error Value: White=0.67/Black=0.29 (precise)} (33... Bxa2 $2 {is the wrong capture.} 34. Kh2 $19) 0-1

[Event "XLIX Sevilla Open 2024"]
[Site "?"]
[Date "2024.01.12"]
[Round "1.7"]
[White "Kaasen, Tor Fredrik"]
[Black "Munoz Mesa, Miguel Angel"]
[Result "1-0"]
[ECO "D30"]
[WhiteElo "2468"]
[BlackElo "1741"]
[Annotator "TA"]
[PlyCount "53"]
[EventDate "2024.01.12"]
[EventType "swiss"]
[SourceTitle "playchess.com"]
[Source "ChessBase"]
[SourceQuality "1"]
[TimeControl "5400+30"]

1. d4 d5 2. c4 e6 3. Nf3 c6 4. Qc2 g6 5. g3 Bg7 6. Bg2 {[%emt 0:00:34] D30: Queen's Gambit Declined: Systems without Nc3.} Nd7 7. O-O Ne7 8. e4 {[%emt 0:01:36] White is slightly better.} dxe4 9. Qxe4 {[%emt 0:00:18] [#]} Nf6 $146 ({Predecessor:} 9... O-O 10. Nc3 Nf5 11. Rd1 Qa5 12. Bf4 Qb4 13. Qe2 Nb6 14. c5 Nd5 15. Nxd5 exd5 {½-½ Polugaevsky,L (2625)-Ljubojevic,L (2590) Interzonal-11a 1979 (13)}) 10. Qe2 O-O 11. Nc3 Nf5 {[%emt 0:00:58] [#]} (11... b5 $1 $14) 12. Rd1 $1 $16 {[%emt 0:00:57] White now steadily converts the win.} Qa5 13. Bf4 Rd8 14. a3 Re8 15. b4 Qd8 16. h3 {[%emt 0:01:15] White is more active.} Nh5 {[%emt 0:01:12] [#]} 17. Bg5 f6 (17... Nf6 {was necessary.} 18. g4 Ne7) 18. Bc1 $18 {[%emt 0:00:53] Strongly threatening g4.} Nhxg3 19. fxg3 Nxg3 20. Qf2 Qc7 21. Bb2 Bd7 {[%emt 0:01:25] [#]} (21... Nh5 {keeps fighting.} 22. Ne4 Nf4) 22. Ne5 $1 Nf5 (22... Nh5 23. Nxd7) 23. Nxd7 Qxd7 24. Ne4 b6 25. d5 e5 $2 (25... cxd5 26. cxd5 (26. Bxf6 d4 $18) 26... e5) 26. dxc6 Qxc6 {[%emt 0:00:00] [#]} 27. Nd6 $1 {[%emt 0:01:00][%mdl 576] Against Qc8. Discovered Attack.   Weighted Error Value: White=0.04 (flawless) /Black=0.47} 1-0

[Event "XLIX Sevilla Open 2024"]
[Site "?"]
[Date "2024.01.12"]
[Round "1.8"]
[White "Mariscal Olmedo, Francisco"]
[Black "Marin, Mihail"]
[Result "0-1"]
[ECO "A80"]
[WhiteElo "1735"]
[BlackElo "2449"]
[Annotator "RC"]
[PlyCount "76"]
[EventDate "2024.01.12"]
[EventType "swiss"]
[SourceTitle "playchess.com"]
[Source "ChessBase"]
[SourceQuality "1"]
[TimeControl "5400+30"]

1. d4 e6 2. Nf3 f5 3. e3 Nf6 4. Bd3 b6 5. Qe2 Bb7 6. Nbd2 Ne4 7. O-O Bd6 8. Ne5 Bxe5 9. dxe5 Nc5 10. f4 Nxd3 11. cxd3 Nc6 12. a3 d6 13. d4 dxe5 14. fxe5 h5 15. Qc4 Ne7 16. Nf3 Bd5 17. Qa4+ Bc6 18. Qc2 Qd7 19. Bd2 h4 20. Rac1 h3 21. g3 O-O-O 22. Kf2 Be4 23. Qc4 Kb8 24. Ng5 Bd5 25. Qc2 Rh5 26. Nf3 g5 27. Qc3 Rc8 28. e4 Bxe4 29. Nxg5 Bb7 30. Qc4 Nd5 31. Ke1 Rg8 32. Nf3 Rg4 33. Kd1 Ne7 34. Bc3 Rh8 35. Kc2 Be4+ 36. Kd2 f4 37. Qe2 fxg3 38. hxg3 Bd5 0-1

[Event "XLIX Sevilla Open 2024"]
[Site "?"]
[Date "2024.01.12"]
[Round "1.9"]
[White "Ceres, Dragos"]
[Black "Cadenas Falcon, Jose Antonio"]
[Result "1-0"]
[ECO "C10"]
[WhiteElo "2438"]
[BlackElo "1733"]
[Annotator "RC"]
[PlyCount "43"]
[EventDate "2024.01.12"]
[EventType "swiss"]
[SourceTitle "playchess.com"]
[Source "ChessBase"]
[SourceQuality "1"]
[TimeControl "5400+30"]

1. e4 e6 2. d4 d5 3. Nc3 dxe4 4. Nxe4 Nd7 5. Be3 Ngf6 6. Nxf6+ Nxf6 7. Nf3 Be7 8. Bd3 O-O 9. Qe2 b6 10. O-O-O Bb7 11. Kb1 Qc8 12. h4 a5 13. Bg5 c5 14. Rh3 Ba6 15. c4 Bb7 16. d5 b5 17. Bxf6 Bxf6 18. Bxh7+ Kxh7 19. Ng5+ Kh6 20. Qe4 g6 21. Rg3 exd5 22. Nxf7+ 1-0

[Event "XLIX Sevilla Open 2024"]
[Site "?"]
[Date "2024.01.12"]
[Round "1.10"]
[White "Castillo Trujillo, Luis"]
[Black "Bilych, Olexiy"]
[Result "0-1"]
[ECO "D55"]
[WhiteElo "1731"]
[BlackElo "2427"]
[Annotator "RC"]
[PlyCount "58"]
[EventDate "2024.01.12"]
[EventType "swiss"]
[SourceTitle "playchess.com"]
[Source "ChessBase"]
[SourceQuality "1"]
[TimeControl "5400+30"]

1. d4 d5 2. c4 e6 3. Nc3 Nf6 4. Bg5 Be7 5. e3 h6 6. Bxf6 Bxf6 7. Nf3 O-O 8. Rc1 c6 9. Bd3 Nd7 10. O-O dxc4 11. Bxc4 b5 12. Bd3 Bb7 13. Bb1 g6 14. Qb3 Qb6 15. Rfd1 Rfd8 16. h4 c5 17. Ne4 c4 18. Qc2 Bg7 19. h5 gxh5 20. Ng3 Nf6 21. e4 h4 22. Nxh4 Rxd4 23. Rxd4 Qxd4 24. Rd1 Qe5 25. Nf3 Qc5 26. e5 Ng4 27. Nh5 Bxe5 28. Rd7 Be4 29. Qxe4 Qxf2+ 0-1

[Event "XLIX Sevilla Open 2024"]
[Site "?"]
[Date "2024.01.12"]
[Round "1.11"]
[White "Pap, Misa"]
[Black "Lozano Garcia, Antonio"]
[Result "1-0"]
[ECO "C10"]
[WhiteElo "2422"]
[BlackElo "1728"]
[Annotator "RC"]
[PlyCount "51"]
[EventDate "2024.01.12"]
[EventType "swiss"]
[SourceTitle "playchess.com"]
[Source "ChessBase"]
[SourceQuality "1"]
[TimeControl "5400+30"]

1. e4 e6 2. d4 d5 3. Nd2 dxe4 4. Nxe4 Bd7 5. Nf3 Bc6 6. Bd3 Nd7 7. O-O Ngf6 8. Neg5 Bxf3 9. Qxf3 c6 10. Re1 Be7 11. Qh3 Nf8 12. c3 Qd6 13. Re5 N8d7 14. Re2 Nf8 15. g3 c5 16. Bb5+ N6d7 17. Bf4 Qb6 18. Bxd7+ Nxd7 19. Nxe6 fxe6 20. Rxe6 Qxb2 21. Rae1 O-O 22. Rxe7 Nf6 23. Be5 Qxc3 24. Qe6+ Kh8 25. Bxf6 gxf6 26. Qe4 1-0

[Event "XLIX Sevilla Open 2024"]
[Site "?"]
[Date "2024.01.12"]
[Round "1.12"]
[White "Onate Gomez, Ildefonso"]
[Black "Zylka, Stanislaw"]
[Result "0-1"]
[ECO "A45"]
[WhiteElo "1726"]
[BlackElo "2411"]
[Annotator "RC"]
[PlyCount "76"]
[EventDate "2024.01.12"]
[EventType "swiss"]
[SourceTitle "playchess.com"]
[Source "ChessBase"]
[SourceQuality "1"]
[TimeControl "5400+30"]

1. d4 c5 2. e3 Nf6 3. Bd3 b6 4. Qe2 Bb7 5. Nf3 g6 6. Nbd2 Bg7 7. c3 O-O 8. O-O Nc6 9. a3 d5 10. Ne5 Nxe5 11. dxe5 Ne8 12. f4 f6 13. Nf3 fxe5 14. fxe5 Nc7 15. Bd2 Ne6 16. c4 d4 17. exd4 Nxd4 18. Qe3 Nf5 19. Bxf5 Rxf5 20. Bc3 Qc7 21. Rad1 Raf8 22. Rd3 Qc6 23. Rf2 Qa4 24. Qd2 Qxc4 25. Rd8 Qe4 26. h3 Bc6 27. Re2 Qc4 28. Rxf8+ Rxf8 29. Qe3 Bxf3 30. gxf3 Qh4 31. Kh2 Bh6 32. Qe4 Qxe4 33. fxe4 Kf7 34. Kg2 Ke6 35. b4 cxb4 36. axb4 Rc8 37. Be1 Bf4 38. Ra2 Rc7 0-1

[Event "XLIX Sevilla Open 2024"]
[Site "?"]
[Date "2024.01.12"]
[Round "1.13"]
[White "Stella, Andrea"]
[Black "Ballina Amandi, Casimiro"]
[Result "1-0"]
[ECO "D36"]
[WhiteElo "2401"]
[BlackElo "1725"]
[Annotator "RC"]
[PlyCount "47"]
[EventDate "2024.01.12"]
[EventType "swiss"]
[SourceTitle "playchess.com"]
[Source "ChessBase"]
[SourceQuality "1"]
[TimeControl "5400+30"]

1. d4 Nf6 2. c4 e6 3. Nc3 d5 4. cxd5 exd5 5. Bg5 Be7 6. e3 Nbd7 7. Bd3 O-O 8. Nge2 Re8 9. O-O c6 10. Qc2 h6 11. Bf4 Nf8 12. h3 Bd6 13. Bxd6 Qxd6 14. Rab1 N8h7 15. b4 b5 16. a4 a6 17. e4 dxe4 18. Nxe4 Qd5 19. N2g3 Ng5 20. Nxf6+ gxf6 21. Bf5 Bb7 22. Nh5 Qxd4 23. Rfd1 Qe5 24. f4 1-0

[Event "XLIX Sevilla Open 2024"]
[Site "?"]
[Date "2024.01.12"]
[Round "1.14"]
[White "Danduprolu, Ridhi Varma"]
[Black "Fiorito, Joaquin"]
[Result "0-1"]
[ECO "B90"]
[WhiteElo "1722"]
[BlackElo "2401"]
[Annotator "RC"]
[PlyCount "126"]
[EventDate "2024.01.12"]
[EventType "swiss"]
[SourceTitle "playchess.com"]
[Source "ChessBase"]
[SourceQuality "1"]
[TimeControl "5400+30"]

1. e4 c5 2. Nf3 d6 3. d4 cxd4 4. Nxd4 Nf6 5. Nc3 a6 6. f3 e5 7. Nb3 Be7 8. Be3 Be6 9. Qd2 h5 10. O-O-O Nbd7 11. Kb1 Rc8 12. Nd5 Nxd5 13. exd5 Bf5 14. Bd3 Bxd3 15. Qxd3 O-O 16. c4 f5 17. Rc1 b6 18. Rhe1 a5 19. Nd2 Bg5 20. Qa3 Nc5 21. Rc2 Qf6 22. Bxc5 Rxc5 23. Qd3 Rfc8 24. Rec1 Qh6 25. b3 b5 26. g3 bxc4 27. bxc4 Rb8+ 28. Ka1 e4 29. fxe4 fxe4 30. Qe2 Bf6+ 31. Rc3 Bxc3+ 32. Rxc3 Rcc8 33. Qe3 Qxe3 34. Rxe3 Rf8 35. Re2 e3 36. Rxe3 Rf2 37. Rb3 Re8 38. Nb1 Rxh2 39. Ra3 g5 40. Rxa5 h4 41. gxh4 gxh4 42. Ra3 h3 43. Rg3+ Kh7 44. a3 Ree2 45. Nc3 Re1+ 46. Nb1 Rhh1 47. Rb3 Rxb1+ 48. Rxb1 Rxb1+ 49. Kxb1 h2 50. Kb2 h1=Q 51. a4 Qe1 52. Kb3 Qa5 53. Ka3 Qc3+ 54. Ka2 Qxc4+ 55. Kb1 Qxd5 56. Kc1 Qc4+ 57. Kb1 Qxa4 58. Kc1 Qa2 59. Kd1 Kg6 60. Kc1 Kf5 61. Kd1 Ke4 62. Kc1 Kd3 63. Kd1 Qb1# 0-1